 Dungeon Crawl Stone Soup version 0.26.1-11-gd32895ea62 (webtiles) character file.

Game seed: 2740137949722094038

28273 DildoBatman the Geomancer (level 13, -7/98 HPs)
             Began as a Formicid Conjurer on May 8, 2021.
             Was a High Priest of Kikubaaqudgha.
             Mangled by a boulder beetle (39 damage)
             ... on level 12 of the Dungeon.
             The game lasted 01:02:40 (12463 turns).

DildoBatman the Geomancer (Formicid Conjurer)      Turns: 12463, Time: 01:02:41

Health: -7/98      AC: 11    Str: 12    XL:     13   Next: 72%
Magic:  5/23       EV: 15    Int: 23    God:    Kikubaaqudgha [*****.]
Gold:   1822       SH: 11    Dex: 15    Spells: 3/26 levels left

rFire    . . .     SeeInvis +   a - +4 mace (freeze)
rCold    + . .     Faith    .   v - +0 kite shield
rNeg     . . .     Spirit   .   o - +3 troll leather armour {Snorg}
rPois    .         Reflect  .   (helmet unavailable)
rElec    .         Harm     .   T - scarf {repulsion}
rCorr    .         Rampage  .   l - +0 pair of gloves
Will     +....                  (no boots)
Stlth    ++........             g - amulet of the acrobat
HPRegen  0.66/turn              P - +6 ring of dexterity
MPRegen  0.18/turn              y - ring of wizardry

@: repel missiles
A: permanent stasis, dig shafts and tunnels, four strong arms, antennae 3, thin
metallic scales 1, cold resistance 1, subdued magic 1
a: Dig, Shaft Self, Renounce Religion, Receive Corpses, Torment


You were on level 12 of the Dungeon.
You worshipped Kikubaaqudgha.
Kikubaaqudgha was extremely pleased with you.
You visited 3 branches of the dungeon, and saw 15 of its levels.

You collected 1969 gold pieces.
You spent 147 gold pieces at shops.

Inventory:

Hand Weapons
 a - a +4 mace of freezing (weapon)
 b - a +4 trident
 e - a +0 hunting sling
 D - a +0 glaive of flaming
 L - a +1 dagger of electrocution
Missiles
 c - 354 stones
 d - 186 arrows
 h - 132 bolts
 B - 26 poisoned darts
 K - 14 javelins
 O - 38 sling bullets
 V - 3 throwing nets
Armour
 l - a +0 pair of gloves (worn)
 o - a +3 troll leather armour (worn) {Snorg}
 r - a +0 cloak
 v - a +0 kite shield (worn)
 J - +2 acid dragon scales
 T - a scarf of repulsion (worn)
Jewellery
 g - an amulet of the acrobat (around neck)
 i - an uncursed ring of protection from fire
 j - an uncursed ring of positive energy
 q - an uncursed ring of fire
 y - a ring of wizardry (right hand)
 P - a +6 ring of dexterity (left hand)
Wands
 R - a wand of disintegration (11)
 S - a wand of iceblast (22)
Scrolls
 f - 2 scrolls of amnesia
 m - 5 scrolls of enchant weapon
 p - a scroll of immolation {unknown}
 x - 3 scrolls of remove curse
 z - a scroll of identify
 C - 2 scrolls of magic mapping {unknown}
 E - a scroll of fog {unknown}
 F - 2 scrolls of enchant armour {unknown}
 G - 2 scrolls of blinking {unknown}
 H - a scroll of fear {unknown}
 X - a scroll of noise {unknown}
Potions
 k - 4 potions of heal wounds
 n - 3 potions of berserk rage {unknown}
 s - 4 potions of attraction
 t - 2 potions of magic {unknown}
 u - 6 potions of curing
 w - 5 potions of brilliance
 I - 6 potions of lignification
Miscellaneous
 Q - a box of beasts
 U - a lightning rod (4/4)


   Skills:
 * Level 7.7 Fighting
 * Level 7.7 Armour
 * Level 5.7 Dodging
 - Level 2.4 Stealth
 - Level 9.0 Shields
 - Level 7.0 Spellcasting
 - Level 6.0 Conjurations
 - Level 9.0 Necromancy
 - Level 5.0 Fire Magic
 - Level 4.0 Air Magic
 - Level 12.0 Earth Magic
 - Level 4.0 Poison Magic


You had 3 spell levels left.
You knew the following spells:

 Your Spells              Type           Power        Failure   Level
a - Borgnjor's Vile Clut  Necr/Erth      21%          1%          5
b - Conjure Flame         Conj/Fire      25%          1%          3
c - Magic Dart            Conj           100%         1%          1
d - Vampiric Draining     Necr           19%          1%          3
e - Mephitic Cloud        Conj/Pois/Air  22%          1%          3
f - Searing Ray           Conj           54%          1%          2
h - Dispel Undead         Necr           38%          1%          4
z - Sublimation of Blood  Necr           19%          1%          2

Your spell library contained the following spells:

 Spells                   Type           Power        Failure   Level
 Animate Skeleton         Necr           76%          1%          1
 Foxfire                  Conj/Fire      100%         1%          1
 Pain                     Necr           100%         1%          1
 Sting                    Tmut/Pois      52%          1%          1
 Poisonous Vapours        Pois/Air       40%          1%          2
 Dazzling Flash           Conj/Hex       32%          2%          3
 Ignite Poison            Fire/Tmut/Pois 16%          2%          3
 Inner Flame              Hex/Fire       15%          3%          3
 Call Imp                 Summ           6%           4%          2
 Slow                     Hex            6%           4%          2
 Excruciating Wounds      Necr           19%          1%          5
 Sticky Flame             Conj/Fire      25%          3%          4
 Olgreb's Toxic Radiance  Pois           20%          6%          4
 Fulminant Prism          Conj/Hex       8%           9%          4
 Iskenderun's Mystic Bla  Conj/Tloc      16%          9%          4
 Fireball                 Conj/Fire      12%          9%          5
 Death Channel            Necr           19%          12%         6
 Simulacrum               Ice/Necr       11%          58%         6
 Blink                    Tloc           Unusable     N/A         2

Dungeon Overview and Level Annotations

Branches:
Dungeon (12/15)            Temple (1/1) D:5            Lair (0/6) D:10
    Orc (2/2) D:10            Elf (0/3) Orc:2

Altars:
Ashenzari
Cheibriados
Dithmenos
Elyvilon
Fedhas
Gozag
Hepliaklqana
Kikubaaqudgha
Makhleb
Nemelex Xobeh
Okawaru
Qazlal
Ru
Sif Muna
Trog
Uskayaw
Vehumet
Wu Jian
Xom
Yredelemnul
Zin
The Shining One

Shops:
D:4 (   D:7 *   D:9 :}*   D:10 ([   D:11 *   Orc:1 ?   Orc:2 ([=

Portals:
Trove: D:10 (give 6 scrolls of fear)

Annotations:
D:8 1 runed translucent door


Innate Abilities, Weirdness & Mutations

You cannot be hasted, slowed, berserked, paralysed or teleported.
You can dig through walls and to a lower floor.
Your four strong arms can wield two-handed weapons with a shield.
You have a pair of large antennae on your head. (SInv)
You are partially covered in thin metallic scales. (AC +2)
Your flesh is cold resistant. (rC+)
Your spells are a little easier to cast, but a little less powerful.


Message History

The centaur warrior zombie is engulfed in blazing flames.
The centaur warrior zombie barely misses you.
The orc warrior shouts!
You sock the centaur warrior zombie!
The centaur warrior zombie is severely damaged.
The centaur warrior zombie is engulfed in blazing flames.
The centaur warrior zombie hits you.
The orc priest mumbles some strange prayers to Beogh against you.
Beogh smites you!
The centaur warrior zombie is engulfed in blazing flames.
The centaur warrior zombie barely misses you.
You hit the centaur warrior zombie.
The centaur warrior zombie is almost destroyed.
The centaur warrior zombie is engulfed in blazing flames.
You destroy the centaur warrior zombie!
Kikubaaqudgha accepts your kill.
The orc priest hits you but does no damage.
The boulder beetle hits you!!!
You die...
Kikubaaqudgha rasps: "You have failed me!
Welcome... death!"

..# . ..#
.. ##..##.
##..○). .
{
....##...
#)..!....
# ###°.#
#. ##o○○.#
#.#@B#○.#
#.###..#
##.##..#
#.<..#
#.....#
#.###.....
#. #.#####
#. #.# #
#.#


You could see a boulder beetle and an orc priest.

Vanquished Creatures
  An orc warlord (Orc:2)
  Snorg (D:11)
  Harold (Orc:1)
  The ghost of Ciata the Cleaver, a journeyman MiBe of Trog (Orc:1)
  Josephine (Orc:1)
  A hydra (D:11)
  3 two-headed ogres
  3 orc high priests (Orc:2)
  An obsidian statue (Orc:1)
  6 orc knights
  A deep elf mage (D:12)
  7 orc sorcerers
  2 cyclopes
  A centaur zombie (D:12)
  Maurice (Orc:1)
  Maggie (D:7)
  4 trolls
  3 wraiths (Orc:1)
  A basilisk (D:11)
  9 yaks
  5 wargs (Orc:1)
  Menkaure (D:7)
  2 water moccasins
  45 orc warriors
  A sky beast (D:6)
  A necrophage (D:8)
  A phantom (D:6)
  An ice beast (D:9)
  4 ogres
  6 centaurs
  5 bullfrogs
  A scorpion (D:4)
  4 killer bees (D:10)
  3 howler monkeys
  5 wights (D:6)
  An electric eel (D:7)
  4 bullfrog zombies
  A lava snake (D:9)
  A jelly (D:6)
  23 orc priests
  8 hounds
  2 bullfrog skeletons
  2 centaur skeletons (D:4)
  6 iguanas
  24 orc wizards
  8 worker ants
  2 killer bee zombies (D:6)
  2 hound skeletons
  A worker ant zombie (D:6)
  7 gnolls (D:4)
  15 adders
  2 shadow imps
  3 white imps
  2 ufetubi
  2 oozes
  3 adder skeletons
  3 worms
  5 leopard geckos
  90 orcs
  4 bats
  6 giant cockroaches
  9 goblins
  6 hobgoblins
  7 jackals
  9 kobolds
  8 quokkas
  4 ball pythons
  8 frilled lizards
  A jackal skeleton (D:6)
  2 leopard gecko skeletons
  2 leopard gecko zombies
  A quokka skeleton (D:5)
  6 rats
424 creatures vanquished.

Vanquished Creatures (collateral kills)
  3 orcs (Orc:2)
3 creatures vanquished.

Vanquished Creatures (others)
  An orc (D:12)
  4 toadstools (D:1)
5 creatures vanquished.

Grand Total: 432 creatures vanquished

Notes
Turn   | Place    | Note
-------+----------+-------------------------------------------
     0 | D:1      | DildoBatman the Formicid Conjurer began the quest for the
                  | Orb.
     0 | D:1      | Reached XP level 1. HP: 13/13 MP: 3/3
   162 | D:1      | Reached XP level 2. HP: 16/19 MP: 0/5
   167 | D:1      | Learned a level 2 spell: Searing Ray
   471 | D:1      | Reached XP level 3. HP: 24/24 MP: 4/6
   865 | D:2      | Reached XP level 4. HP: 30/30 MP: 3/8
   988 | D:2      | Found a hazy altar of Hepliaklqana.
  1276 | D:2      | Reached XP level 5. HP: 35/35 MP: 4/10
  1294 | D:2      | Reached skill level 5 in Conjurations
  2127 | D:4      | Reached XP level 6. HP: 41/41 MP: 5/12
  2255 | D:4      | Found a radiant altar of Vehumet.
  2421 | D:4      | Noticed an ogre
  2428 | D:4      | Killed an ogre
  2429 | D:4      | Reached skill level 5 in Spellcasting
  2429 | D:4      | Reached XP level 7. HP: 46/46 MP: 3/14
  2607 | D:4      | Found a broken altar of Ashenzari.
  2652 | D:4      | Reached skill level 1 in Fighting
  2652 | D:4      | Reached skill level 1 in Armour
  3151 | D:4      | Found Onailex's Weapon Emporium.
  3312 | D:5      | Entered Level 5 of the Dungeon
  3380 | D:5      | Found a staircase to the Ecumenical Temple.
  3389 | Temple   | Entered the Ecumenical Temple
  3439 | Temple   | Became a worshipper of Kikubaaqudgha
  3700 | D:5      | Reached XP level 8. HP: 56/56 MP: 12/17
  3765 | D:5      | Found a snail-covered altar of Cheibriados.
  3986 | D:6      | Reached * piety under Kikubaaqudgha
  3986 | D:6      | Identified Kikubaaqudgha's Grimoire of Black Rituals
                  | (Kikubaaqudgha gifted it to you on level 6 of the Dungeon)
  3986 | D:6      | Received a gift from Kikubaaqudgha
  3991 | D:6      | Learned a level 2 spell: Sublimation of Blood
  3995 | D:6      | Learned a level 3 spell: Vampiric Draining
  4176 | D:6      | Reached skill level 1 in Necromancy
  4191 | D:6      | Found a burning altar of Makhleb.
  4276 | D:6      | Reached XP level 9. HP: 51/64 MP: 12/19
  4611 | D:6      | Reached ** piety under Kikubaaqudgha
  4825 | D:7      | Reached skill level 5 in Fighting
  4825 | D:7      | Reached skill level 5 in Armour
  4981 | D:7      | Noticed Menkaure
  4997 | D:7      | Killed Menkaure
  5047 | D:7      | Reached skill level 5 in Necromancy
  5097 | D:7      | Noticed Maggie
  5450 | D:7      | Found a basalt altar of Yredelemnul.
  5528 | D:7      | Found Taxaeklu's General Store.
  5531 | D:7      | Bought a potion of mutation for 96 gold pieces
  5531 | D:7      | Gained mutation: You are partially covered in thin metallic
                  | scales. (AC +2) [potion of mutation]
  5531 | D:7      | Gained mutation: Your spells are a little easier to cast,
                  | but a little less powerful. [potion of mutation]
  5531 | D:7      | Gained mutation: Your flesh is cold resistant. (rC+)
                  | [potion of mutation]
  5637 | D:7      | Killed Maggie
  5638 | D:7      | Reached XP level 10. HP: 56/74 MP: 8/20
  5806 | D:8      | Found a sparkling altar of Nemelex Xobeh.
  5881 | D:8      | Learned a level 3 spell: Conjure Flame
  5885 | D:8      | Learned a level 3 spell: Mephitic Cloud
  5945 | D:8      | Reached skill level 1 in Poison Magic
  5948 | D:8      | Reached skill level 1 in Fire Magic
  6408 | D:8      | Noticed a cane toad
  6408 | D:8      | Noticed a fire giant
  6409 | D:8      | Noticed a yaktaur
  6409 | D:8      | Found a runed translucent door.
  6410 | D:8      | Noticed a yaktaur captain
  6411 | D:8      | Noticed a cyclops
  6411 | D:8      | Noticed a manticore
  6412 | D:8      | Found the +2 robe of Vines {NoPotionHeal Regen+7}
  6479 | D:9      | Reached skill level 1 in Air Magic
  6575 | D:9      | Found Acaitamn's Book Emporium.
  6576 | D:9      | Found Ydineb's Gadget Emporium.
  6615 | D:9      | Found Kaciocsa's General Store.
  6631 | D:9      | Bought a potion of degeneration for 17 gold pieces
  6631 | D:9      | Bought a scroll of identify for 34 gold pieces
  6849 | D:9      | Found a stormy altar of Qazlal.
  7257 | D:10     | Entered Level 10 of the Dungeon
  7304 | D:10     | Found a staircase to the Lair.
  7486 | D:10     | Found a portal to a secret trove of treasure.
  7551 | D:10     | Noticed a two-headed ogre
  7584 | D:10     | Found a staircase to the Orcish Mines.
  7585 | D:10     | Found Wufakoit's Armour Emporium.
  7586 | D:10     | Found Jocokliagu's Weapon Emporium.
  7593 | D:10     | Reached *** piety under Kikubaaqudgha
  7593 | D:10     | Identified Kikubaaqudgha's Catalogue of Dark Magic
                  | (Kikubaaqudgha gifted it to you on level 10 of the Dungeon)
  7593 | D:10     | Received a gift from Kikubaaqudgha
  7611 | D:10     | Learned a level 5 spell: Borgnjor's Vile Clutch
  7616 | D:10     | Learned a level 4 spell: Dispel Undead
  7920 | D:10     | Killed a two-headed ogre
  8214 | D:11     | Reached skill level 5 in Fire Magic
  8214 | D:11     | Reached XP level 11. HP: 70/79 MP: 14/21
  8218 | D:11     | Reached skill level 2 in Earth Magic
  8302 | D:11     | Reached skill level 3 in Earth Magic
  8361 | D:11     | Reached skill level 4 in Earth Magic
  8396 | D:11     | Found Nomu's Pet Rocks.
  8404 | D:11     | Reached skill level 5 in Earth Magic
  8500 | D:11     | Reached skill level 1 in Shields
  8540 | D:11     | Noticed a four-headed hydra
  8562 | D:11     | Killed a four-headed hydra
  8563 | D:11     | Reached skill level 6 in Earth Magic
  8569 | D:11     | Noticed a two-headed ogre
  8621 | D:11     | Killed a two-headed ogre
  8622 | D:11     | Reached skill level 7 in Earth Magic
  8746 | D:11     | Noticed a cyclops
  8794 | D:11     | Killed a cyclops
  8795 | D:11     | Reached skill level 8 in Earth Magic
  8908 | D:11     | Found a shimmering altar of Xom.
  8926 | D:11     | Noticed Snorg
  8954 | D:11     | Killed Snorg
  8955 | D:11     | Reached skill level 9 in Earth Magic
  9343 | Orc:1    | Entered Level 1 of the Orcish Mines
  9359 | Orc:1    | Reached **** piety under Kikubaaqudgha
  9507 | Orc:1    | Noticed Josephine
  9544 | Orc:1    | Noticed an orc sorcerer
  9560 | Orc:1    | Killed an orc sorcerer
  9564 | Orc:1    | Noticed an orc sorcerer
  9570 | Orc:1    | Killed an orc sorcerer
  9578 | Orc:1    | Noticed a cyclops
  9578 | Orc:1    | Noticed an orc knight
  9605 | Orc:1    | Killed a cyclops
  9648 | Orc:1    | Killed an orc knight
  9649 | Orc:1    | Reached skill level 10 in Earth Magic
  9649 | Orc:1    | Reached XP level 12. HP: 54/86 MP: 1/22
  9715 | Orc:1    | Noticed Harold
  9715 | Orc:1    | Noticed a two-headed ogre
  9791 | Orc:1    | Killed Harold
  9808 | Orc:1    | Killed a two-headed ogre
  9844 | Orc:1    | Killed Josephine
  9845 | Orc:1    | Reached skill level 11 in Earth Magic
  9980 | Orc:1    | Reached skill level 12 in Earth Magic
 10042 | Orc:1    | Found Dyclac's Magic Scroll Shoppe.
 10087 | Orc:1    | Noticed Maurice
 10093 | Orc:1    | Killed Maurice
 10105 | Orc:1    | Found a runed translucent gate.
 10106 | Orc:1    | Found a runed translucent gate.
 10106 | Orc:1    | Found a runed translucent gate.
 10108 | Orc:1    | Found an opulent altar of Gozag.
 10112 | Orc:1    | Noticed Ciata's ghost (journeyman MiBe)
 10218 | Orc:2    | Entered Level 2 of the Orcish Mines
 10218 | Orc:2    | Found a staircase to the Elven Halls.
 10523 | Orc:2    | Reached ***** piety under Kikubaaqudgha
 10840 | Orc:2    | Reached XP level 13. HP: 46/95 MP: 3/23
 10963 | Orc:2    | Reached skill level 5 in Dodging
 11016 | Orc:2    | Noticed an orc warlord
 11044 | Orc:2    | Killed an orc warlord
 11045 | Orc:2    | Reached skill level 5 in Shields
 11593 | Orc:2    | Found Kywa's General Store.
 11594 | Orc:2    | Found Dauclu's Jewellery Boutique.
 11596 | Orc:2    | Found Rauf's Antique Armour Shop.
 11596 | Orc:2    | Found Edixt's Antique Weapon Shop.
 12070 | Orc:1    | Killed Ciata's ghost
 12457 | D:12     | Noticed a boulder beetle
 12463 | D:12     | Mangled by a boulder beetle

Illustrated notes

Levels and vault maps discovered:
D:1:      dpeg_arrival_boxorama, layout_basic, minmay_crystal_room,
          hangedman_decor_points, minmay_gold_behind_fungi
D:2:      layout_rooms, old_standard_altar, hex_large, serial_park_tiny_pond
D:3:      layout_loops_cross
D:4:      layout_basic, nicolae_ashenzari_panopticon, kennysheep_little_box,
          serial_shops, shop, minmay_misc_feat_roman
D:5:      layout_rooms, lemuel_round_altar, minmay_temple_entry_glass
D:6:      layout_gridville, nicolae_overflow_hidden_temple, st_stairs_7
D:7:      layout_cave_pools, marbit_many_paths, serial_shops,
          kennysheep_mini_moat, kennysheep_generic_room_9, uniq_maggie,
          uniq_menkaure
D:8:      minmay_gate_of_8, layout_basic, nemelex_xobeh_ov_fountains_minmay
D:9:      layout_rooms, old_standard_altar, serial_shops,
          nicolae_shop_statue_plus, shop, shop, kennysheep_minor_cross
D:10:     layout_loops_cross, lair_entry_dummy, orc_david_3, enter_trove_1
D:11:     layout_small_grid, basic_altar, guppyfry_shop_earth, uniq_snorg
D:12:     layout_loops_ring, serial_shops, nicolae_shop_stone, minivault_19,
          st_stairs_9
Temple:   eino_temple_water
Orc:1:    cheibrodos_orc_guarddog, layout_caves, ebering_ghost_gozag,
          serial_shops, shop, uniq_harold, uniq_josephine, uniq_maurice
Orc:2:    st_orc_congregation, layout_diamond_mine

Skill      XL: |  1  2  3  4  5  6  7  8  9 10 11 12 13 |
---------------+----------------------------------------+-----
Conjurations   | 4 5 6 |  6.0
Spellcasting   | 3 4 5 6 7 |  7.0
Fighting       | 2 3 5 6 7 |  7.7
Armour         | 2 3 5 6 7 |  7.7
Dodging        | 3 4 5 |  5.7
Necromancy     | 1 6 7 8 9 |  9.0
Poison Magic   | 4 |  4.0
Fire Magic     | 5 |  5.0
Air Magic      | 4 |  4.0
Earth Magic    | 10 12 | 12.0
Shields        | 3 9 |  9.0
Stealth        | |  2.4

Action                   |  1- 3 |  4- 6 |  7- 9 | 10-12 | 13-15 || total
-------------------------+-------+-------+-------+-------+-------++-------
Melee: Club              |    10 |       |       |       |       ||    10
       Short sword       |    25 |     7 |       |       |       ||    32
       Mace              |       |    25 |    61 |   315 |   148 ||   549
       Dagger            |       |    13 |    69 |       |       ||    82
       Trident           |       |       |       |    54 |       ||    54
 Fire: Hunting sling     |       |       |     1 |       |       ||     1
 Cast: Magic Dart        |    42 |    22 |    27 |    16 |       ||   107
       Searing Ray       |     2 |    25 |    53 |    25 |       ||   105
       Vampiric Draining |       |       |    13 |    21 |     2 ||    36
       Conjure Flame     |       |       |       |    26 |     4 ||    30
       Mephitic Cloud    |       |       |       |    20 |     3 ||    23
       Borgnjor's Vile C |       |       |       |    37 |    41 ||    78
       Sublimation of Bl |       |       |       |    10 |    17 ||    27
       Dispel Undead     |       |       |       |       |     3 ||     3
 Abil: Dig               |     3 |     4 |    22 |    52 |    19 ||   100
Evoke: Box of beasts     |       |       |       |     1 |       ||     1
  Use: Scroll            |       |     2 |     4 |     9 |       ||    15
       Potion            |       |       |     1 |       |       ||     1
 Stab: Confused          |       |       |       |     3 |     2 ||     5
Armor: Robe              |     9 |    13 |     8 |       |       ||    30
       Scale mail        |       |       |    55 |       |       ||    55
       Quicksilver drago |       |       |       |    57 |       ||    57
       Acid dragon scale |       |       |       |     3 |       ||     3
       Troll leather arm |       |       |       |    46 |    25 ||    71
Dodge: Dodged            |    30 |    75 |   144 |   278 |   120 ||   647
       Repelled          |       |       |       |     2 |       ||     2
Block: Buckler           |       |       |       |    56 |    16 ||    72
       Kite shield       |       |       |       |       |    44 ||    44
